General information
			
			
        
        - name: 1v1 OBS TM #101
 
        - type: Custom game
 
        - host: ActionJackson3
 
        - saver: koosha
 
        
map: TwistedMeadows 
        - players: 12
 
        - length: 23:14
 
        - speed: Fast
 - version: 1.22 W3XP
 - replay type:  Public
 
» download(167 KB)
Players
        team 1 (winner) 
              
              
ActionJackson3 (
red | 155 APM | 3603 actions | 23:14)
              
 5 Archmage 
 3 Summon Water Elemental
 2 Brilliance Aura
 5 Mountain King 
 3 Storm Bolt
 2 Bash
 5 Paladin 
 3 Holy Light
 2 Divine Shield
 
                » actions 
                
                | Assign group hotkey | 75 |  | 
| Basic commands | 517 |  | 
| Build / train | 94 |  | 
| Enter build submenu | 29 |  | 
| Enter hero's abilities submenu | 15 |  | 
| Give item / drop item | 7 |  | 
| Right click | 792 |  | 
| Select / deselect | 431 |  | 
| Select group hotkey | 1501 |  | 
| Use ability | 142 |  | 
                3603 total
 » units 
                
                | Peasant | 13 |  | 
| Footman | 6 |  | 
| Rifleman | 4 |  | 
| Priest | 3 |  | 
| Sorceress | 2 |  | 
| Spell Breaker | 3 |  | 
                31 total
 » upgrades
                
                | Masonry | 3 |  | 
| Long Rifles | 1 |  | 
| Animal War Training | 1 |  | 
| Swords | 2 |  | 
| Gunpowder | 2 |  | 
| Priest Training | 2 |  | 
| Magic Sentry | 1 |  | 
| Sorceress Training | 1 |  | 
| Control Magic | 1 |  | 
| Lumber Harvesting | 2 |  | 
| Armor | 1 |  | 
| Plating | 1 |  | 
                18 total
 » buildings
                
                | Altar of Kings | 1 |  | 
| Barracks | 1 |  | 
| Farm | 7 |  | 
| Scout Tower | 11 |  | 
| Arcane Tower | 3 |  | 
| Keep | 1 |  | 
| Arcane Vault | 1 |  | 
| Blacksmith | 1 |  | 
| Lumber Mill | 1 |  | 
| Arcane Sanctum | 1 |  | 
| Castle | 1 |  | 
| Guard Tower | 6 |  | 
| Town Hall | 2 |  | 
                37 total
 » build order
                00:07 Altar of Kings
00:13 Barracks
00:17 Farm
00:49 Farm
01:35 Scout Tower
01:55 Farm
02:34 Arcane Tower
03:56 Keep
03:59 Farm
04:37 Arcane Vault
04:39 Farm
04:45 Blacksmith
05:38 Lumber Mill
06:21 Arcane Sanctum
07:02 Castle
07:32 Farm
07:40 Scout Tower
07:43 Scout Tower
08:09 Guard Tower
09:05 Guard Tower
09:14 Farm
13:36 Scout Tower
14:05 Arcane Tower
16:44 Town Hall
19:36 Scout Tower
20:09 Arcane Tower
20:30 Scout Tower
20:32 Scout Tower
20:55 Scout Tower
21:27 Guard Tower
21:29 Guard Tower
21:32 Guard Tower
21:34 Scout Tower
21:58 Town Hall
22:05 Guard Tower
22:08 Scout Tower
22:09 Scout Tower
» items
                
                | Lesser Clarity Potion | 2 |  | 
| Boots of Speed | 1 |  | 
| Scroll of Town Portal | 4 |  | 
| Scroll of Healing | 2 |  | 
| Potion of Healing | 1 |  | 
| Potion of Mana | 2 |  | 
| Orb of Fire | 1 |  | 
| Ivory Tower | 1 |  | 
| Potion of Lesser Invulnerability | 1 |  | 
                15 total
  
               team 2 (loser) 
              
              
koosha (
pink | 207 APM | 4818 actions | 23:14)
              
 4 Death Knight 
 2 Death Coil
 2 Unholy Aura
 4 Lich 
 2 Frost Nova
 2 Frost Armor
 
                » actions 
                
                | Assign group hotkey | 449 |  | 
| Basic commands | 94 |  | 
| Build / train | 68 |  | 
| ESC pressed | 3 |  | 
| Enter build submenu | 27 |  | 
| Enter hero's abilities submenu | 9 |  | 
| Give item / drop item | 6 |  | 
| Right click | 1891 |  | 
| Select / deselect | 301 |  | 
| Select group hotkey | 1732 |  | 
| Use ability | 238 |  | 
                4818 total
 » units 
                
                | Acolyte | 6 |  | 
| Ghoul | 8 |  | 
| Obsidian Statue | 6 |  | 
| Crypt Fiend | 10 |  | 
                30 total
 » upgrades
                
                | Destroyer Form | 1 |  | 
| Creature Attack | 2 |  | 
| Creature Carapace | 1 |  | 
                4 total
 » buildings
                
                | Altar of Darkness | 1 |  | 
| Ziggurat | 7 |  | 
| Crypt | 1 |  | 
| Tomb of Relics | 3 |  | 
| Halls of the Dead | 2 |  | 
| Graveyard | 1 |  | 
| Slaughterhouse | 3 |  | 
| Black Citadel | 2 |  | 
                20 total
 » build order
                00:08 Altar of Darkness
00:09 Ziggurat
00:33 Crypt
00:59 Tomb of Relics
01:14 Ziggurat
01:15 Ziggurat
03:06 Halls of the Dead
03:06 Halls of the Dead
03:43 Graveyard
05:00 Ziggurat
05:32 Slaughterhouse
05:54 Black Citadel
05:54 Black Citadel
06:51 Tomb of Relics
07:45 Slaughterhouse
08:05 Ziggurat
08:48 Slaughterhouse
11:46 Ziggurat
14:57 Ziggurat
18:49 Tomb of Relics
» items
                
                | Rod of Necromancy | 5 |  | 
| Boots of Speed | 3 |  | 
| Orb of Corruption | 1 |  | 
| Potion of Mana | 1 |  | 
| Scroll of Healing | 1 |  | 
| Potion of Healing | 1 |  | 
| Potion of Lesser Invulnerability | 3 |  | 
| Scroll of Town Portal | 2 |  | 
                17 total
  
               observersgshiba187, 
SexCandy, 
Scar.Slayer, 
packetloss, 
samsoqq, 
Quilit, 
noobco, 
lawlzorzz, 
iG.SUNBEAR-, 
djh12 Chat log
          (00:00) lawlzorzz:  noez
(00:20 / All) koosha: gghdf
(00:45 / All) ActionJackson3: hay dooky
(01:01 / All) ActionJackson3: hay
(01:05 / All) koosha: heloooooo
(01:24 / All) ActionJackson3: what up dooky howser
(01:42 / All) koosha: you can call me neil
(01:44 / All) koosha: patrick
(01:45 / All) koosha: harris
(05:14 / All) koosha: wow
(05:15 / All) koosha: rude
(23:01 / All) koosha: :o
(23:13 / All) koosha: gg